Map: Frozen Temple

Players

blackxored

  • Race: Zerg Zerg
  • League: Diamond

pulsar - Winner!

  • Race: Zerg Zerg
  • League: Platinum

VOD

Have the link to the VOD?

Description

Time

  • Played on: June 19, 2016, 7:27 p.m.
  • Length: 17:22
Show
View Real Time Build Order
Export as new Build Order

blackxored Zerg 

Build Orders: Hatch First 

Get SALT Encoding   

  12  0:02  Drone  
  13  0:08  Drone  
  14  0:18  Overlord  
  14  0:22  Extractor  
  14  0:24  Drone  
  15  0:40  Drone x2  
  17  0:55  Hatchery  
  16  0:58  Drone  
  16  1:01  Drone  
  18  1:13  Extractor  
  18  1:18  Spawning Pool  
  16  1:19  Drone  
  16  1:20  Drone  
  18  1:28  Drone  
  19  1:39  Overlord  
  19  1:52  Drone  
  20  2:06  Queen  
  20  2:08  Queen  
  22  2:09  Zergling x4  
  22  2:12  Zergling x2  
  27  2:18  Roach Warren  
  27  2:19  Drone  
  27  2:29  Drone x2  
  29  2:49  Evolution Chamber  
  28  2:52  Evolution Chamber  
  27  3:06  Spine Crawler  
  25  3:22  Lair  
  25  3:23  Drone x6  
  31  3:28  Zerg Missile Weapons Level 1  
  31  3:42  Overlord  
  31  3:48  Zerg Ground Armor Level 1  
  31  3:50  Drone x4  
  35  3:58  Drone  
  36  4:05  Drone x4  
  36  4:06  Drone  
  36  4:07  Overlord  
  41  4:13  Extractor, Drone  
  41  4:16  Drone  
  42  4:19  Drone  
  43  4:24  Glial Reconstitution  
  43  4:27  Drone x3  
  46  4:34  Extractor  
  46  4:35  Drone x3  
  46  4:36  Drone  
  49  4:41  Extractor  
  49  4:43  Drone  
  49  4:44  Drone  
  50  4:49  Overlord  
  50  4:54  Overlord  
  50  4:58  Overseer  
  50  5:04  Roach  
  50  5:06  Overlord  
  50  5:07  Overlord x2  
  52  5:09  Roach  
  52  5:10  Roach x2  
  58  5:16  Roach  
  60  5:27  Spore Crawler  
  59  5:29  Drone x2  
  61  5:36  Roach  
  61  5:37  Roach x5  
  61  5:40  Spore Crawler  
  72  5:43  Drone x2  
  72  5:48  Roach  
  75  5:52  Hatchery  
  74  5:59  Drone  
  74  6:00  Hydralisk Den  
  74  6:06  Drone  
  75  6:11  Spore Crawler  
  72  6:38  Overlord  
  72  6:39  Overlord x4  
  70  6:41  Muscular Augments  
  66  6:48  Queen  
  66  6:49  Spore Crawler  
  58  6:57  Hydralisk x4  
  58  6:58  Hydralisk x6  
  58  7:01  Hydralisk  
  70  7:04  Hydralisk  
  70  7:25  Hydralisk x6  
  81  7:41  Hydralisk x3  
  63  7:51  Hydralisk  
  63  8:02  Infestation Pit  
  63  8:04  Drone x3  
  65  8:11  Zerg Missile Weapons Level 2  
  65  8:14  Lurker Den  
  65  8:18  Hatchery  
  64  8:21  Hydralisk x2  
  68  8:36  Zergling x2  
  69  8:43  Hatchery  
  68  8:57  Hive  
  68  9:02  Roach x3  
  76  9:03  Roach x6  
  86  9:19  Drone x5  
  91  9:25  Hydralisk  
  93  9:39  Hydralisk x3  
  93  9:42  Overlord x2  
  99  9:55  Hydralisk  
  99  9:56  Hydralisk x5  
  111  10:10  Spore Crawler  
  110  10:15  Extractor x2, Hydralisk x2  
  110  10:18  Zergling x4  
  112  10:34  Hydralisk x5  
  95  10:48  Drone  
  96  10:50  Ultralisk Cavern, Drone  
  96  10:59  Drone  
  96  11:00  Drone  
  96  11:02  Overlord x2  
  98  11:08  Zerg Melee Weapons Level 1  
  98  11:09  Zerg Ground Armor Level 2  
  98  11:15  Drone x3  
  98  11:16  Drone x2  
  103  11:23  Drone  
  103  11:24  Drone  
  105  11:51  Chitinous Plating  
  105  11:53  Ultralisk x2  
  116  12:05  Ultralisk  
  109  12:23  Drone x6  
  109  12:29  Extractor  
  114  12:30  Extractor, Drone x12  
  125  12:40  Queen  
  125  12:41  Drone  
  125  12:42  Drone x3  
  131  12:46  Drone x2  
  101  13:00  Hydralisk  
  101  13:01  Hydralisk x4  
  105  13:12  Hydralisk x4  
  93  13:18  Hydralisk  
  84  13:33  Hydralisk x2  
  68  13:43  Drone x2  
  65  14:17  Spore Crawler x2  
  65  14:18  Spore Crawler  
  45  15:04  Spore Crawler  
  45  15:06  Spore Crawler  
  31  15:11  Spore Crawler  
  31  15:12  Spore Crawler  
  29  15:14  Spore Crawler  
  29  15:16  Zergling x4  
  26  15:56  Zergling x14  
  23  16:09  Zergling x2  
  21  17:00  Zergling x4  
Show
View Real Time Build Order
Export as new Build Order

pulsar Zerg - Winner!

Build Orders: Hatch First 

Get SALT Encoding   

  12  0:01  Drone  
  13  0:10  Drone  
  14  0:18  Overlord  
  14  0:36  Drone x3  
  17  0:56  Hatchery  
  16  1:08  Spawning Pool  
  16  1:10  Drone  
  16  1:14  Drone  
  16  1:18  Extractor, Drone  
  16  1:24  Drone  
  18  1:32  Drone  
  19  1:49  Overlord  
  20  1:54  Drone  
  20  1:55  Queen  
  22  2:08  Queen  
  22  2:09  Drone  
  22  2:11  Drone  
  26  2:16  Drone  
  27  2:23  Drone  
  27  2:26  Drone  
  29  2:39  Roach Warren  
  29  2:41  Drone x3  
  31  2:47  Evolution Chamber  
  31  2:51  Spine Crawler  
  29  2:57  Drone x2  
  29  2:58  Drone  
  32  3:00  Lair  
  32  3:14  Extractor  
  32  3:15  Drone x3  
  34  3:41  Extractor  
  34  3:42  Extractor  
  34  3:44  Drone x4  
  34  3:46  Overlord x2  
  36  4:01  Spire  
  35  4:08  Drone  
  35  4:09  Drone x3  
  40  4:10  Drone x2  
  41  4:31  Roach x5  
  49  4:34  Drone  
  52  4:45  Overlord x2  
  52  4:46  Overlord  
  52  4:47  Overlord  
  52  5:03  Queen  
  54  5:17  Mutalisk x8  
  70  5:28  Zerg Flyer Weapons Level 1  
  70  5:38  Mutalisk  
  72  5:58  Mutalisk  
  72  5:59  Mutalisk  
  72  6:45  Mutalisk x5  
  80  6:54  Zergling x8  
  80  7:00  Mutalisk  
  80  7:01  Mutalisk  
  82  7:17  Zergling x4  
  84  7:28  Overlord  
  84  7:29  Overlord  
  58  7:59  Mutalisk x6  
  58  8:04  Metabolic Boost  
  70  8:07  Zergling x4  
  71  8:22  Mutalisk x2  
  75  8:40  Zergling x18  
  84  8:42  Hatchery  
  83  9:01  Mutalisk x3  
  83  9:02  Mutalisk  
  91  9:03  Zergling x2  
  92  9:11  Zerg Melee Weapons Level 1  
  92  9:19  Baneling Nest, Zergling x6  
  92  9:20  Zergling x6  
  97  9:27  Zerg Flyer Armor Level 1  
  97  9:44  Mutalisk  
  99  9:47  Overlord x4  
  99  9:48  Overlord x2  
  100  9:52  Drone  
  100  9:56  Queen  
  101  10:14  Zergling x22  
  72  10:44  Mutalisk x7  
  86  10:56  Drone x2  
  86  10:57  Drone x5  
  93  11:01  Baneling x5  
  93  11:02  Baneling x2  
  93  11:13  Centrifical Hooks  
  93  11:18  Extractor  
  92  11:19  Extractor  
  92  11:20  Drone x3  
  92  11:22  Drone x3  
  97  11:42  Baneling x5  
  97  11:43  Baneling x2  
  97  11:44  Baneling x5  
  97  11:45  Baneling  
  95  12:28  Mutalisk  
  95  12:29  Mutalisk x6  
  109  12:30  Zergling x12  
  109  12:31  Zergling x24  
  127  12:38  Zergling x4  
  81  13:23  Zergling x30  
  76  13:57  Zergling x4  
  76  13:58  Zergling x20  
  60  14:35  Mutalisk x6  
  72  15:08  Zergling x12  
  76  16:23  Zergling x28  
  88  16:56  Hatchery  
  87  17:22  Hatchery  
Tags
 
Add a new tag
Caveats
  • Supply blocks, unpowered buildings, or Contaminate may cause inaccurate times.
  • Supply counts are checked every 10 seconds.